 Dungeon Crawl Stone Soup version 0.25-a0-713-g4845790874 (webtiles) character file.

Game seed: 8948155082549034818, levelgen mode: deterministic

212 CheiIsBae the Sneak (level 5, -1/24 HPs)
             Began as a Spriggan Enchanter on Apr 5, 2020.
             Was an Initiate of Kikubaaqudgha.
             Splashed by a jelly's acid (4 damage)
             ... on level 4 of the Dungeon.
             The game lasted 00:10:23 (4692 turns).

CheiIsBae the Sneak (Spriggan Enchanter)            Turns: 4692, Time: 00:10:24

Health: -1/24      AC:  1    Str:  5    XL:     5   Next: 58%
Magic:  2/13       EV: 18    Int: 16    God:    Kikubaaqudgha [......]
Gold:   120        SH:  0    Dex: 17    Spells: 5/13 levels left

rFire    + . .     SeeInvis +   k - +0 dagger (venom)
rCold    . . .     Gourm    .   (shield restricted)
rNeg     . . .     Faith    .   b - +0 robe
rPois    .         Spirit   .   s - +2 hat
rElec    .         Reflect  .   i - +0 cloak
rCorr    .         Harm     .   (gloves unavailable)
MR       +....                  (boots unavailable)
Stlth    ++++......             (no amulet)
HPRegen  0.08/turn              j - ring of protection from magic
MPRegen  0.13/turn              l - ring of protection from fire

@: confusing touch, corroded, very quick
A: very small, unfitting armour, see invisible, herbivore, speed 3, slow
metabolism 2
a: Renounce Religion


You were on level 4 of the Dungeon.
You worshipped Kikubaaqudgha.
Kikubaaqudgha was noncommittal.
You were hungry.

You visited 1 branch of the dungeon, and saw 4 of its levels.
You also visited: Ossuary.

You collected 120 gold pieces.

Inventory:

Hand Weapons
 k - a +0 dagger of venom (weapon)
Armour
 b - a +0 robe (worn)
 i - a +0 cloak (worn)
 s - a +2 hat (worn)
Jewellery
 j - a ring of protection from magic (left hand)
 l - a ring of protection from fire (right hand)
Wands
 o - a wand of flame (22)
Scrolls
 a - a scroll of identify
 g - 3 scrolls of teleportation
 h - 3 scrolls of remove curse
Potions
 c - 2 potions of haste {unknown}
 e - a potion of invisibility
 m - a potion of brilliance
 r - a potion of stabbing {unknown}
Comestibles
 d - 2 rations


   Skills:
 + Level 2.6 Short Blades
 - Level 3.0 Dodging
 * Level 6.7 Stealth
 * Level 4.7 Spellcasting
 + Level 4.4 Hexes


You had 5 spell levels left.
You knew the following spells:

 Your Spells              Type           Power        Failure   Level  Hunger
a - Ensorcelled Hibernat  Hex/Ice        ##....       10%         2    ##.....
b - Confusing Touch       Hex            ###.....     8%          3    ###....
c - Dazzling Flash        Conj/Hex       ##....       19%         3    ###....

Your spell library contained the following spells:

 Spells                   Type           Power        Failure   Level  Hunger
 Corona                   Hex            ###....      2%          1    None
 Tukima's Dance           Hex            ###.....     8%          3    ###....


Dungeon Overview and Level Annotations

Branches:
Dungeon (4/15)            Ossuary (visited)
 Temple: D:4-7

Altars:
Kikubaaqudgha
Nemelex Xobeh
Xom

Annotations:
D:4 Ijyb


Innate Abilities, Weirdness & Mutations

You are very small and have problems with some larger weapons.
You are too small for most types of armour.
You have supernaturally acute eyesight. (SInv)
You are a herbivore.
You cover ground extremely quickly.
You need to consume almost no food.


Message History

Aiming: Ensorcelled Hibernation (safe; 10% risk of failure)
Press: ? - help, Shift-Dir - straight line, f - jelly
Aim: a jelly (chance to confuse on hit: 57%, chance to defeat MR: 50%)
The jelly resists with some effort.
Casting: Ensorcelled Hibernation (safe; 10% risk of failure)
Confirm with . or Enter, or press ? or * to list all spells.
Aiming: Ensorcelled Hibernation (safe; 10% risk of failure)
Press: ? - help, Shift-Dir - straight line, f/p - jelly
Aim: a jelly (chance to confuse on hit: 57%, chance to defeat MR: 50%)
The jelly resists with some effort.
Casting: Ensorcelled Hibernation (safe; 10% risk of failure)
Confirm with . or Enter, or press ? or * to list all spells.
Aiming: Ensorcelled Hibernation (safe; 10% risk of failure)
Press: ? - help, Shift-Dir - straight line, f/p - jelly
Aim: a jelly (chance to confuse on hit: 57%, chance to defeat MR: 50%)
The jelly looks drowsy...
The helpless jelly fails to defend itself.
You hit the jelly but do no damage.
Your hands burn!
You die...
Kikubaaqudgha rasps: "You have failed me!
Welcome... death!"

### #.# #.# ### ###.##
#.### #...<. ############
#.#.####.#.##
#..........###............
+..........'..............
#.......J@.###.#.####.#.##
#..........# #.#.# #.#.##
#..........# #.#.## #.#.##
#s###+####### #.#..#
#.#... #
##.#########.#..###.#.#.
........................
......................#.
##..####.###.#..#####.#.
..........(..#..........


You could see a jelly.

Vanquished Creatures
  An iguana (D:4)
  Terence (D:2)
  Natasha (D:2)
  6 adders
  2 oozes
  3 worms
  3 dart slugs
  2 leopard geckos
  An orc (D:3)
  5 bats
  3 giant cockroaches
  8 hobgoblins
  A quokka (D:2)
  3 ball pythons
  2 frilled lizards (D:1)
  10 goblins
  6 kobolds
  A leopard gecko skeleton (D:4)
  6 rats
65 creatures vanquished.

Notes
Turn   | Place    | Note
-------+----------+-------------------------------------------
     0 | D:1      | CheiIsBae the Spriggan Enchanter began the quest for the
                  | Orb.
     0 | D:1      | Reached XP level 1. HP: 9/9 MP: 5/5
   418 | D:1      | Reached XP level 2. HP: 7/13 MP: 5/7
   554 | D:1      | Learned a level 2 spell: Ensorcelled Hibernation
   951 | D:1      | Reached skill level 5 in Stealth
  1633 | D:2      | Found a shimmering altar of Xom.
  1658 | D:2      | Reached XP level 3. HP: 16/16 MP: 5/8
  2000 | D:2      | Reached XP level 4. HP: 21/21 MP: 7/10
  2003 | D:2      | Noticed Terence
  2221 | D:2      | Found an ancient bone altar of Kikubaaqudgha.
  2254 | D:2      | Learned a level 3 spell: Confusing Touch
  2258 | D:2      | Learned a level 3 spell: Dazzling Flash
  2314 | D:2      | Noticed Natasha
  2317 | D:2      | Killed Natasha
  2317 | D:2      | Reached skill level 6 in Stealth
  2365 | D:2      | Killed Terence
  2495 | D:2      | Reached XP level 5. HP: 24/24 MP: 12/12
  3486 | D:3      | Found a sparkling altar of Nemelex Xobeh.
  3560 | D:3      | Became a worshipper of Nemelex Xobeh the Trickster
  3610 | D:3      | Received a gift from Nemelex Xobeh
  4053 | D:2      | Fell from the grace of Nemelex Xobeh
  4053 | D:2      | Became a worshipper of Kikubaaqudgha
  4162 | D:4      | Found a sand-covered staircase.
  4181 | D:4      | Noticed Ijyb
  4204 | Ossuary  | Entered an ossuary
  4692 | D:4      | Splashed by a jelly's acid

Levels and vault maps discovered:
D:1:      heliophobic_arrival_dark_side_of_the_moon, layout_basic,
          minmay_three_crescents
D:2:      layout_rooms, lemuel_round_altar, nicolae_overflow_hidden_temple,
          first_ration, st_stairs_12, uniq_natasha, uniq_terence
D:3:      layout_basic, nemelex_dance_club_becter
D:4:      layout_basic, enter_ossuary_5, uniq_ijyb

Skill      XL: |  1  2  3  4 |
---------------+-------------+-----
Spellcasting   | 3 4 |  4.7
Stealth        | 5 6 |  6.7
Hexes          | 4 |  4.4
Short Blades   | 2 |  2.6
Dodging        | |  3.0

Action                   |  1- 3 |  4- 6 || total
-------------------------+-------+-------++-------
Melee: Dagger            |    68 |    61 ||   129
 Cast: Corona            |    12 |       ||    12
       Ensorcelled Hiber |    29 |    26 ||    55
       Confusing Touch   |       |     3 ||     3
  Use: Scroll            |       |     9 ||     9
 Stab: Sleeping          |    24 |    20 ||    44
  Eat: Ration            |       |     3 ||     3
Armor: Robe              |     1 |     4 ||     5
Dodge: Dodged            |    61 |    41 ||   102

Table legend:
 A = Non-vault XP
 B = Vault XP
 C = Vault XP percentage of total XP
 D = Non-vault monster count
 E = Vault monster count
 F = Vault count percentage of total count
                 A         B        C        D         E       F
            +---------+---------+-------+---------+---------+-------
      Total |     206 |      98 |  32.2 |      53 |      12 |  18.5
            +---------+---------+-------+---------+---------+-------
        D:1 |      31 |       8 |  20.5 |      17 |       6 |  26.1
        D:2 |      94 |      80 |  46.0 |      20 |       4 |  16.7
        D:3 |      42 |      10 |  19.2 |      13 |       2 |  13.3
        D:4 |      39 |       0 |   0.0 |       3 |       0 |   0.0
            +---------+---------+-------+---------+---------+-------
